 Dungeon Crawl Stone Soup version 0.28-a0-1518-gbe868bca14 (webtiles) character file.

Game seed: 9053931445498153117

5817 fragbeetle the Martial Artist (level 10, -22/96 (99) HPs)
             Began as a Red Draconian Transmuter on Jan 16, 2022.
             Was an Initiate of Ashenzari.
             Killed from afar by a tengu conjurer (28 damage)
             ... with a bolt of lightning
             ... summoned by a wight
             ... on level 9 of the Dungeon on Jan 17, 2022.
             The game lasted 00:25:57 (11275 turns).

fragbeetle the Martial Artist (DrTm)               Turns: 11275, Time: 00:25:57

HP:   -22/96 (99)   AC:  6    Str: 20    XL:     10   Next: 51%
MP:   13/13         EV: 12    Int: 13    God:    Ashenzari [......]
Gold: 359           SH:  0    Dex: 15    Spells: 2/13 levels left

rFire   x . .      SeeInvis .     - Unarmed
rCold   + + +      Faith    .   (shield currently unavailable)
rNeg    . . .      Spirit   .   (armour unavailable)
rPois   +          Reflect  .   (helmet currently unavailable)
rElec   .          Harm     .   (cloak currently unavailable)
rCorr   .          Rampage  .   (gloves currently unavailable)
Will    +....                   (boots currently unavailable)
Stlth   ++........              (no amulet)
HPRegen 0.26/turn               G - +6 ring of strength
MPRegen 0.13/turn               (no ring)

@: ice-form (expiring), lightly drained
A: freezing attack, amphibious, boosted hp, (breathe fire), AC +7, large,
unfitting armour, (fire resistance 1), (cold-blooded), strong-willed 1
a: End Transformation, Renounce Religion, Shatter the Chains


You were on level 9 of the Dungeon.
You worshipped Ashenzari.
Ashenzari was noncommittal.
You were a creature of crystalline ice.
You visited 2 branches of the dungeon, and saw 10 of its levels.
You also visited: Sewer.

You collected 359 gold pieces.

Inventory:

Hand Weapons
 b - a +1 hunting sling
 q - a +2 short sword of electrocution
 u - a +2 whip of pain
Missiles
 c - 2 boomerangs
 e - a curare-tipped dart
 g - 276 stones
 h - 12 poisoned darts
 i - 3 boomerangs of dispersal
 I - 55 sling bullets
Armour
 k - a +0 tower shield of protection
 M - the cursed +0 pair of boots of Ashenzari's Dogma (melded) {Cun, Bglg}
   (You found it on level 8 of the Dungeon)

   It has a curse which improves the following skills: Cunning: Dodging and
   Stealth.
   Beguiling: Conjurations, Hexes and Translocations.
Magical Staves
 A - a staff of death
Jewellery
 G - a +6 ring of strength (left front paw)
 J - an amulet of reflection
Wands
 y - a wand of flame (17)
 D - a wand of polymorph (2)
 E - a wand of iceblast (14)
Scrolls
 a - a scroll of enchant weapon
 d - 2 scrolls of amnesia {unknown}
 j - a scroll of vulnerability {unknown}
 l - 2 scrolls of identify
 r - 2 scrolls of brand weapon {unknown}
 v - 2 scrolls of enchant armour {unknown}
 w - a scroll of noise {unknown}
 x - a scroll of silence {unknown}
 z - a scroll of blinking {unknown}
 B - a scroll of magic mapping {unknown}
 C - a scroll of holy word {unknown}
 F - a scroll of immolation {unknown}
 L - a scroll of fear {unknown}
Potions
 f - 2 potions of haste
 m - 2 potions of curing
 o - a potion of lignification
 p - 4 potions of might {unknown}
 s - a potion of invisibility {unknown}
 t - a potion of heal wounds {unknown}
 H - a potion of flight {unknown}
 K - 2 potions of resistance


   Skills:
 + Level 6.2 Fighting
 + Level 5.4 Dodging
 + Level 0.5 Stealth
 * Level 8.7 Unarmed Combat
 - Level 2.0 Spellcasting
 + Level 6.8 Transmutations
 + Level 2.1 Fire Magic
 + Level 5.1 Ice Magic
 - Level 5.4 Poison Magic


You had 2 spell levels left.
You knew the following spells:

 Your Spells              Type           Power      Damage    Failure   Level
a - Beastly Appendage     Tmut           38%        N/A       1%          1
b - Spider Form           Tmut/Pois      17%        N/A       6%          3
c - Ice Form              Ice/Tmut       16%        N/A       22%         4
d - Conjure Flame         Conj/Fire      4%         6-21      43%         3

Your spell library contained the following spells:

 Spells                   Type           Power      Damage    Failure   Level
 Wereblood                Tmut           19%        N/A       2%          2
 Foxfire                  Conj/Fire      16%        2x1d4     16%         1
 Apportation              Tloc           2%         N/A       26%         1
 Pain                     Necr           4%         1d4       26%         1
 Inner Flame              Hex/Fire       4%         N/A       43%         3
 Alistair's Intoxication  Tmut/Pois      11%        N/A       50%         5
 Dazzling Flash           Conj/Hex       2%         N/A       58%         3
 Flame Wave               Conj/Fire      4%         2d4       85%         4
 Agony                    Necr           1%         N/A       100%        5
 Excruciating Wounds      Necr           0%         N/A       100%        5
 Silence                  Hex/Air        0%         N/A       100%        5


Dungeon Overview and Level Annotations

Branches:
Dungeon (9/15)             Temple (1/1) D:7           Sewer (visited)
   Lair: D:8-11         Orc: D:9-12

Altars:
Ashenzari
Cheibriados
Dithmenos
Elyvilon
Fedhas
Gozag
Hepliaklqana
Kikubaaqudgha
Makhleb
Nemelex Xobeh
Okawaru
Qazlal
Ru
Sif Muna
Trog
Uskayaw
Vehumet
Wu Jian
Yredelemnul
Zin
The Shining One

Shops:
D:8 :

Annotations:
D:9 Psyche


Innate Abilities, Weirdness & Mutations

You are a creature of crystalline ice.
You have a powerful freezing melee attack.
You are amphibious.
Your maximum health is increased.
Your armour is entirely melded.
You are incapable of wielding weapons or throwing items.
((You can breathe blasts of fire.))
((Your fiery red scales are hard. (AC +7)))
You cannot fit into any form of body armour.
((Your flesh is heat resistant. (rF+)))
((You are cold-blooded and may be slowed by cold attacks.))
You are strong-willed. (Will+)


Message History

The vampire mosquito draws strength from your injuries!
The vampire mosquito closely misses you.
As you read the scroll of teleportation, it crumbles to dust.
You feel strangely unstable. The vampire mosquito bites you.
* * * LOW HITPOINT WARNING * * *
The vampire mosquito draws strength from your injuries!
The vampire mosquito barely misses you. The vampire mosquito bites you!
* * * LOW HITPOINT WARNING * * *
The vampire mosquito draws strength from your injuries!
The vampire mosquito closely misses you.
The vampire mosquito bites you!
* * * LOW HITPOINT WARNING * * *
The vampire mosquito draws strength from your injuries!
The vampire mosquito bites you.
* * * LOW HITPOINT WARNING * * *
The vampire mosquito draws strength from your injuries!
Your surroundings suddenly seem different.
The wight closely misses you.
You can't wield anything in your present form.
Unknown command.
Unknown command.
Unknown command.
It was a potion of curing.
You feel better.
The tengu conjurer gestures wildly while chanting.
The tengu conjurer conjures a globe of magical energy!
The wight hits you with a +3 war axe of freezing!
* * * LOW HITPOINT WARNING * * *
You feel drained.
* * * LOW HITPOINT WARNING * * *
The wight misses you.
A battlesphere comes into view.
Your transformation is almost over.
The vampire mosquito dissolves into shadows!
Things that are here:
a +3 trident; a +0 robe Psyche shouts!
The vampire mosquito buzzes angrily.
The vampire mosquito bites you but does no damage.
The tengu conjurer casts a spell at you.
The bolt of lightning hits you!!
You die...

.........# ...
#...####....# ...##...##
#....# .......... #....#
........ #....# ......
#....# .. #...# #....#
...##...####....#
.......Y........#
.......y........# ....
................# ....
..........z.....# ....
..@##'####)z....# .... ..
#.....#.Q....# y.=. .
#.....#.*....# ....
#.....#......#
....#########.....#.*....#


You could see Psyche, a tengu conjurer (summoned), a vampire mosquito
(summoned), 2 wights and a battlesphere.

Vanquished Creatures
  2 centaur zombies (D:6)
  Joseph (D:8)
  2 hornets
  Prince Ribbit (D:7)
  Grinder (D:3)
  A shadow (D:6)
  A water moccasin (D:7)
  2 orc warriors
  3 sky beasts
  2 necrophages
  5 ogres
  A phantom (D:5)
  A bullfrog (D:8)
  3 kobold brigands (Sewer)
  A water moccasin zombie (D:7)
  A wyvern zombie (D:8)
  3 scorpions
  3 water moccasin skeletons
  10 killer bees
  6 wights
  4 howler monkeys
  2 bullfrog zombies (D:5)
  2 jellies
  5 orc priests
  2 hounds
  4 bullfrog skeletons (D:5)
  A gnoll shaman (D:7)
  2 iguanas
  Terence (D:3)
  13 orc wizards
  Natasha (thrice) (D:3)
  A killer bee zombie (D:4)
  Robin (D:3)
  A howler monkey zombie (D:7)
  10 gnolls
  A howler monkey skeleton (D:5)
  4 river rats
  9 adders
  3 shadow imps
  A white imp (D:5)
  3 ufetubi
  2 worms
  2 dart slugs
  31 orcs
  5 bats
  9 endoplasms
  5 giant cockroaches
  15 goblins
  11 hobgoblins
  A jackal (Sewer)
  2 quokkas
  7 ball pythons
  16 frilled lizards
  7 kobolds
  8 rats
244 creatures vanquished.

Vanquished Creatures (others)
  An ice beast (D:7)
  A howler monkey (D:7)
  27 plants
29 creatures vanquished.

Grand Total: 273 creatures vanquished

Notes
Turn   | Place    | Note
-------+----------+-------------------------------------------
     0 | D:1      | fragbeetle the Draconian Transmuter began the quest for the
                  | Orb.
     0 | D:1      | Reached XP level 1. HP: 16/16 MP: 3/3
   365 | D:1      | Reached XP level 2. HP: 20/23 MP: 3/5
  1019 | D:1      | Found a faded altar of an unknown god.
  1196 | D:2      | Reached XP level 3. HP: 28/28 MP: 4/6
  1228 | D:2      | Learned a level 3 spell: Spider Form
  1841 | D:3      | Found a radiant altar of Vehumet.
  1909 | D:3      | Reached XP level 4. HP: 24/36 MP: 5/7
  2051 | D:3      | Noticed Robin
  2058 | D:3      | Killed Robin
  2059 | D:3      | Reached skill level 1 in Poison Magic
  2067 | D:3      | Noticed Terence
  2268 | D:3      | Killed Terence
  2578 | D:3      | Noticed Natasha
  2584 | D:3      | Killed Natasha
  2585 | D:3      | Reached skill level 4 in Unarmed Combat
  2585 | D:3      | Reached XP level 5. HP: 34/41 MP: 6/8
  2703 | D:3      | Noticed Natasha
  2720 | D:3      | Killed Natasha
  2977 | D:3      | Noticed Grinder
  3001 | D:3      | Paralysed by Grinder for 6 turns
  3002 | D:3      | Killed Grinder
  3003 | D:3      | Reached XP level 6. HP: 37/50 MP: 3/9
  3302 | D:3      | Noticed Natasha
  3309 | D:3      | Killed Natasha
  3713 | D:4      | Found a glowing drain.
  3719 | Sewer    | Entered a sewer
  3781 | Sewer    | Your scales start taking on a fiery red colour.
  3781 | Sewer    | Reached XP level 7. HP: 38/57 MP: 10/10
  3781 | Sewer    | Gained mutation: Your flesh is heat resistant. (rF+) [Red
                  | Draconian growth]
  3790 | Sewer    | Gained mutation: Your body sometimes deteriorates upon
                  | taking damage. [potion of mutation]
  3790 | Sewer    | Gained mutation: You sometimes lose the ability to read
                  | scrolls when taking damage. [potion of mutation]
  3791 | Sewer    | Lost mutation: You sometimes lose the ability to read
                  | scrolls when taking damage. [potion of mutation]
  3791 | Sewer    | Lost mutation: Your body sometimes deteriorates upon taking
                  | damage. [potion of mutation]
  3791 | Sewer    | Gained mutation: You are strong-willed. (Will+) [potion of
                  | mutation]
  3800 | Sewer    | Reached skill level 5 in Unarmed Combat
  4886 | D:4      | Reached skill level 5 in Transmutations
  5012 | D:4      | Learned a level 4 spell: Ice Form
  5680 | D:4      | Reached XP level 8. HP: 66/66 MP: 9/11
  6026 | D:5      | Entered Level 5 of the Dungeon
  6037 | D:4      | Reached skill level 1 in Ice Magic
  6219 | D:5      | Reached skill level 6 in Unarmed Combat
  6297 | D:5      | Found a shadowy altar of Dithmenos.
  7371 | D:6      | Reached skill level 7 in Unarmed Combat
  7371 | D:6      | Reached XP level 9. HP: 53/73 MP: 12/12
  7704 | D:6      | Reached skill level 5 in Fighting
  7849 | D:6      | Found a stormy altar of Qazlal.
  8857 | D:7      | Noticed Prince Ribbit
  8879 | D:7      | Found a staircase to the Ecumenical Temple.
  8886 | Temple   | Entered the Ecumenical Temple
  9060 | Temple   | Became a worshipper of Ashenzari the Shackled
  9479 | D:7      | Reached skill level 8 in Unarmed Combat
  9485 | D:7      | Reached skill level 5 in Dodging
  9494 | D:7      | Reached skill level 5 in Poison Magic
  9495 | D:7      | Reached XP level 10. HP: 83/83 MP: 10/13
  9507 | D:7      | Killed Prince Ribbit
  9512 | D:7      | Learned a level 3 spell: Conjure Flame
  9859 | D:8      | Noticed Joseph
  9876 | D:8      | Killed Joseph
 10059 | D:8      | Reached skill level 1 in Fire Magic
 10214 | D:8      | Reached skill level 5 in Ice Magic
 10569 | D:8      | Found Sash's Book Shoppe.
 10909 | D:9      | Noticed Psyche
 11012 | D:9      | Identified the cursed +0 pair of boots of Ashenzari's Dogma
                  | {Cun, Bglg} (You found it on level 8 of the Dungeon)
 11267 | D:9      | HP: 4/96 [wight (4)]
 11275 | D:9      | Killed from afar by a tengu conjurer

Illustrated notes

Levels and vault maps discovered:
D:1:      dpeg_arrival_shelter, layout_loops_ring,
          shapermc_ecumenical_altar_petra, serial_bayou_crossing
D:2:      layout_basic, minmay_bisected
D:3:      layout_basic, vehumet_altar_wand_db, minmay_curled_crystal,
          uniq_robin, uniq_terence, uniq_grinder, uniq_natasha
D:4:      layout_basic, gup_sewer_entry_bowl, chequers_serial_rivers_micro_d,
          minmay_tree_intersection, chequers_serial_rivers_large_a,
          minmay_lizard_king
D:5:      minmay_opposing_rooms, layout_basic,
          mainiacjoe_overflow_surrounded_room
D:6:      layout_basic, mainiacjoe_overflow_alcove_1, roderic_filled_cross,
          minmay_misc_feat_encased
D:7:      layout_rooms, minmay_temple_entry_gardened_gates, grunt_ministairs_13,
          lemuel_flame_loot_1, uniq_prince_ribbit1
D:8:      layout_rooms, serial_shops, nicolae_shop_window_shopping,
          minmay_fountain_box, uniq_joseph
D:9:      layout_gridville, erik_orc_3, serial_shops, nicolae_stop_n_shop_2,
          nrook_mini_vaults, uniq_psyche
Temple:   compressed_dpeg_circular_temple

Skill      XL: |  1  2  3  4  5  6  7  8  9 10 |
---------------+-------------------------------+-----
Dodging        | 2 3 4 5 |  5.4
Fighting       | 2 3 4 5 6 |  6.2
Transmutations | 3 4 5 6 |  6.8
Poison Magic   | 1 2 3 4 5 |  5.4
Unarmed Combat | 4 5 7 8 |  8.7
Ice Magic      | 3 4 5 |  5.1
Fire Magic     | 2 |  2.1
Stealth        | |  0.5
Spellcasting   | |  2.0

Action                   |  1- 3 |  4- 6 |  7- 9 | 10-12 || total
-------------------------+-------+-------+-------+-------++-------
Melee: Unarmed           |    97 |   165 |   363 |   117 ||   742
       Headbutt          |    10 |    27 |    32 |       ||    69
       Kick              |    16 |    31 |    35 |       ||    82
       Tailslap          |     9 |    15 |    10 |     1 ||    35
       Punch             |       |     1 |     6 |       ||     7
 Fire: Hunting sling     |       |       |     9 |       ||     9
 Cast: Beastly Appendage |    36 |    25 |    28 |       ||    89
       Spider Form       |       |     3 |    17 |       ||    20
       Ice Form          |       |       |     6 |    11 ||    17
Invok: Curse Item        |       |       |       |     1 ||     1
 Abil: End Transformatio |       |       |     1 |     1 ||     2
       Breathe Fire      |       |       |     1 |       ||     1
  Use: Potion            |       |       |     3 |     1 ||     4
       Scroll            |       |       |     3 |     1 ||     4
 Stab: Sleeping          |     1 |     1 |     1 |       ||     3
       Distracted        |       |       |       |     1 ||     1
Armor: Skin              |    29 |    40 |    57 |    22 ||   148
Dodge: Dodged            |    47 |    87 |   252 |    56 ||   442

Table legend: (Time is in decaauts)
 A = Elapsed time spent in this place.
 B = Non-inter-level travel time spent in this place.
 C = Inter-level travel time spent in this place.
 D = Time resting spent in this place.
 E = Time spent auto-exploring this place.
 F = Levels seen in this place.
 G = Mean time per level.
                   A        B        C        D        E       F      G
               +--------+--------+--------+--------+--------+-----+--------+
         Total |  11411 |  11304 |    107 |   2225 |   6484 |  11 | 1037.4 |
       Dungeon |   9906 |   9799 |    107 |   1958 |   5683 |   9 | 1100.7 |
        Temple |    189 |    189 |      0 |     18 |    114 |   1 |  189.0 |
         Sewer |   1315 |   1315 |      0 |    249 |    686 |   1 | 1315.0 |
               +--------+--------+--------+--------+--------+-----+--------+

Top non-repeatable levels by time:
     D:3: 1594 daAuts
     D:4: 1423 daAuts
     D:6: 1362 daAuts
   Sewer: 1315 daAuts
     D:7: 1125 daAuts
     D:1: 1122 daAuts
     D:5: 979 daAuts
     D:8: 972 daAuts
     D:2: 935 daAuts
     D:9: 390 daAuts
  Temple: 189 daAuts
